TOP OF THE 1ST |
Windy City ThunderBolts batting - Pitching for Canton Indians : RHP Ian McLeod
|
Pitching: RHP Ian McLeod
|
|
Batting: RHB Joe Thomas
|
0-0: Called Strike 0-1: Ground out 6-3 (Groundball, 6D, EV 88.1 MPH)
|
Batting: SHB Dan Strickland
|
0-0: Ball 1-0: Ball 2-0: Foul Ball, location: 2F 2-1: Ball 3-1: Foul Ball, location: 2F 3-2: Foul Ball, location: 2F 3-2: Ground out 4-3 (Groundball, 34, EV 89.4 MPH)
|
Batting: RHB Paul Holland
|
0-0: Ball 1-0: Ball 2-0: Called Strike 2-1: Ball 3-1: Foul Ball, location: 2F 3-2: Ground out 4-3 (Groundball, 4, EV 103.1 MPH)
|
Top of the 1st over - 0 runs, 0 hits, 0 errors, 0 left on base; Windy City 0 - Canton 0 |
BOTTOM OF THE 1ST |
Canton Indians batting - Pitching for Windy City ThunderBolts : LHP Axel Lund
|
Pitching: LHP Axel Lund
|
|
Batting: RHB Nick Rainey
|
0-0: Called Strike 0-1: Ball 1-1: Ball 2-1: SINGLE (Line Drive, 89S, EV 103.1 MPH)
|
Batting: RHB David Haas
|
0-0: Ball 1-0: DOUBLE (Flyball, 8LD, EV 95.0 MPH) Nick Rainey to third
|
Batting: RHB Rob Marti
|
0-0: Ball 1-0: Ball 2-0: SINGLE (Line Drive, 9S, EV 107.5 MPH) Nick Rainey scores David Haas to third
|
Batting: LHB Julio Zamora
|
0-0: Called Strike 0-1: Called Strike Balk! David Haas scores Rob Marti to second 0-2: Foul Ball, location: 2F 0-2: Ball 1-2: Foul Ball, location: 2F 1-2: Ball 2-2: Strikes out looking
|
Batting: RHB Oscar Hernandez
|
0-0: Ground out 6-3 (Groundball, 6, EV 109.4 MPH)
|
Batting: LHB Mike Belile
|
0-0: Ball 1-0: Swinging Strike 1-1: DOUBLE (Line Drive, 5D, EV 101.9 MPH) Rob Marti scores
|
Batting: RHB Giuliano Giacoletti Jr.
|
0-0: Called Strike 0-1: Foul Ball, location: 2F 0-2: Ball 1-2: Foul Ball, location: 2F 1-2: Ball 2-2: Strikes out swinging, 2-3 out at first.
|
Bottom of the 1st over - 3 runs, 4 hits, 0 errors, 1 left on base; Windy City 0 - Canton 3 |
TOP OF THE 2ND |
Windy City ThunderBolts batting - Pitching for Canton Indians : RHP Ian McLeod
|
Batting: RHB Eddie Dimas
|
0-0: Ball 1-0: Foul Ball, location: 2F 1-1: Ball 2-1: Ball 3-1: Base on Balls
|
Batting: RHB Donovan Deason
|
0-0: Swinging Strike 0-1: Ball 1-1: Called Strike 1-2: Foul Ball, location: 2F 1-2: Strikes out swinging
|
Batting: RHB Klaus Brown
|
0-0: Ball 1-0: Called Strike 1-1: Swinging Strike 1-2: Ball 2-2: Strikes out swinging
|
Batting: RHB Camillo Bonauiti
|
0-0: Ball 1-0: Called Strike 1-1: Called Strike 1-2: Ball 2-2: Ball 3-2: Ground out U3 (Groundball, 34S, EV 85.6 MPH)
|
Top of the 2nd over - 0 runs, 0 hits, 0 errors, 1 left on base; Windy City 0 - Canton 3 |
BOTTOM OF THE 2ND |
Canton Indians batting - Pitching for Windy City ThunderBolts : LHP Axel Lund
|
Batting: RHB Jesus Sanchez
|
0-0: Ball 1-0: Ball 2-0: Fly out, F9 (Flyball, 9D, EV 94.4 MPH)
|
Batting: SHB Jose Abreu
|
0-0: Ball 1-0: Swinging Strike 1-1: Ball 2-1: Swinging Strike 2-2: Strikes out swinging
|
Batting: RHB Nick Rainey
|
0-0: Called Strike 0-1: Foul Ball, location: 2F 0-2: Foul Ball, location: 2F 0-2: Foul Ball, location: 2F 0-2: Ball 1-2: Foul Ball, location: 2F 1-2: Strikes out swinging
|
Bottom of the 2nd over - 0 runs, 0 hits, 0 errors, 0 left on base; Windy City 0 - Canton 3 |
TOP OF THE 3RD |
Windy City ThunderBolts batting - Pitching for Canton Indians : RHP Ian McLeod
|
Batting: RHB Nhat Phong
|
0-0: Ball 1-0: Ball 2-0: Called Strike 2-1: Reached on error, E3 (Groundball, 34, EV 89.4 MPH)
|
Batting: RHB Sim Damit
|
0-0: Ball 1-0: Foul Ball, location: 2F 1-1: Grounds into double play, 4-6-3 (Groundball, 34, EV 101.9 MPH)
|
Batting: RHB Joe Thomas
|
0-0: Ball 1-0: Foul Ball, location: 2F 1-1: Swinging Strike 1-2: Strikes out swinging
|
Top of the 3rd over - 0 runs, 0 hits, 1 error, 0 left on base; Windy City 0 - Canton 3 |
BOTTOM OF THE 3RD |
Canton Indians batting - Pitching for Windy City ThunderBolts : LHP Axel Lund
|
Batting: RHB David Haas
|
0-0: Ball 1-0: Ball 2-0: Called Strike 2-1: Foul Ball, location: 2F 2-2: Foul Ball, location: 2F 2-2: Ball 3-2: Foul Ball, location: 2F 3-2: Foul Ball, location: 2F 3-2: Strikes out swinging
|
Batting: RHB Rob Marti
|
0-0: Ball 1-0: Swinging Strike 1-1: Called Strike 1-2: Ball 2-2: Strikes out swinging
|
Batting: LHB Julio Zamora
|
0-0: Foul Ball, location: 2F 0-1: Foul Ball, location: 2F 0-2: Ball 1-2: Ball 2-2: Ball 3-2: Base on Balls
|
Batting: RHB Oscar Hernandez
|
0-0: Ball 1-0: Foul Ball, location: 2F 1-1: SINGLE (Groundball, 13, EV 82.5 MPH) (infield hit) Julio Zamora to second
|
Batting: LHB Mike Belile
|
0-0: Foul Ball, location: 2F 0-1: Swinging Strike 0-2: Strikes out swinging
|
Bottom of the 3rd over - 0 runs, 1 hit, 0 errors, 2 left on base; Windy City 0 - Canton 3 |
TOP OF THE 4TH |
Windy City ThunderBolts batting - Pitching for Canton Indians : RHP Ian McLeod
|
Batting: SHB Dan Strickland
|
0-0: Ball 1-0: Foul Ball, location: 2F 1-1: Ball 2-1: Called Strike 2-2: Ball 3-2: Ground out 4-3 (Groundball, 34, EV 86.2 MPH)
|
Batting: RHB Paul Holland
|
0-0: Swinging Strike 0-1: Ball 1-1: Ball 2-1: Fly out, F9 (Flyball, 89M, EV 91.9 MPH)
|
Batting: RHB Eddie Dimas
|
0-0: Called Strike 0-1: Ball 1-1: Foul Ball, location: 2F 1-2: Fly out, F5 (Line Drive, 5L, EV 65.6 MPH)
|
Top of the 4th over - 0 runs, 0 hits, 0 errors, 0 left on base; Windy City 0 - Canton 3 |
BOTTOM OF THE 4TH |
Canton Indians batting - Pitching for Windy City ThunderBolts : LHP Axel Lund
|
Batting: RHB Giuliano Giacoletti Jr.
|
0-0: Ball 1-0: Foul Ball, location: 2F 1-1: Ball 2-1: Foul Ball, location: 2F 2-2: Fly out, F8 (Flyball, 78M, EV 91.9 MPH)
|
Batting: RHB Jesus Sanchez
|
0-0: Called Strike 0-1: Ball 1-1: Swinging Strike 1-2: Strikes out swinging
|
Batting: SHB Jose Abreu
|
0-0: Reached on error, E1 (Groundball, 15S, EV 70.0 MPH)
|
Batting: RHB Nick Rainey
|
0-0: Swinging Strike 0-1: Ball 1-1: Ball 2-1: Fly out, F8 (Flyball, 8RM, EV 88.1 MPH)
|
Bottom of the 4th over - 0 runs, 0 hits, 1 error, 1 left on base; Windy City 0 - Canton 3 |
TOP OF THE 5TH |
Windy City ThunderBolts batting - Pitching for Canton Indians : RHP Ian McLeod
|
Batting: RHB Donovan Deason
|
0-0: Called Strike 0-1: Ground out 6-3 (Groundball, 6, EV 75.6 MPH)
|
Batting: RHB Klaus Brown
|
0-0: Ball 1-0: Called Strike 1-1: Swinging Strike 1-2: Ball 2-2: Strikes out swinging
|
Batting: RHB Camillo Bonauiti
|
0-0: Ball 1-0: Foul Ball, location: 2F 1-1: Ball 2-1: Foul Ball, location: 2F 2-2: Fly out, F9 (Line Drive, 9LS, EV 86.2 MPH)
|
Top of the 5th over - 0 runs, 0 hits, 0 errors, 0 left on base; Windy City 0 - Canton 3 |
BOTTOM OF THE 5TH |
Canton Indians batting - Pitching for Windy City ThunderBolts : LHP Axel Lund
|
Batting: RHB David Haas
|
0-0: Ball 1-0: Foul Ball, location: 2F 1-1: Swinging Strike 1-2: Foul Ball, location: 2F 1-2: Ground out 5-3 (Groundball, 56, EV 105.6 MPH)
|
Batting: RHB Rob Marti
|
0-0: Foul Ball, location: 2F 0-1: Foul Ball, location: 2F 0-2: Foul Ball, location: 2F 0-2: Fly out, F9 (Flyball, 9, EV 81.9 MPH)
|
Batting: LHB Julio Zamora
|
0-0: Ball 1-0: Ball 2-0: Ball 3-0: Base on Balls
|
Batting: RHB Oscar Hernandez
|
0-0: Fielders Choice at 2nd, 6-4 (Groundball, 56, EV 103.8 MPH)
|
Bottom of the 5th over - 0 runs, 0 hits, 0 errors, 1 left on base; Windy City 0 - Canton 3 |
TOP OF THE 6TH |
Windy City ThunderBolts batting - Pitching for Canton Indians : RHP Ian McLeod
|
Batting: RHB Nhat Phong
|
0-0: Foul Ball, location: 2F 0-1: Ball 1-1: Ground out 1-3 (Groundball, 15S, EV 63.8 MPH)
|
Batting: RHB Sim Damit
|
0-0: Ball 1-0: Ground out 6-3 (Groundball, 6, EV 84.4 MPH)
|
Batting: RHB Joe Thomas
|
0-0: Ground out U3 (Groundball, 3, EV 90.0 MPH)
|
Top of the 6th over - 0 runs, 0 hits, 0 errors, 0 left on base; Windy City 0 - Canton 3 |
BOTTOM OF THE 6TH |
Canton Indians batting - Pitching for Windy City ThunderBolts : LHP Axel Lund
|
Batting: LHB Mike Belile
|
0-0: Called Strike 0-1: Called Strike 0-2: Strikes out looking
|
Batting: RHB Giuliano Giacoletti Jr.
|
0-0: Ball 1-0: Foul Ball, location: 2F 1-1: Foul Ball, location: 2F 1-2: Ball 2-2: Ground out 3-1 (Groundball, 34, EV 83.8 MPH)
|
Batting: RHB Jesus Sanchez
|
0-0: Ball 1-0: Called Strike 1-1: SINGLE (Line Drive, 6MD, EV 103.1 MPH)
|
Pitching: RHP Jesse Kuhlman
|
|
Batting: SHB Jose Abreu
|
0-0: Foul Ball, location: 2F 0-1: Ball 1-1: Ball 2-1: Fly out, F8 (Line Drive, 8RM, EV 90.0 MPH)
|
Bottom of the 6th over - 0 runs, 1 hit, 0 errors, 1 left on base; Windy City 0 - Canton 3 |
TOP OF THE 7TH |
Windy City ThunderBolts batting - Pitching for Canton Indians : RHP Ian McLeod
|
Batting: SHB Dan Strickland
|
0-0: Ball 1-0: Called Strike 1-1: Foul Ball, location: 2F 1-2: Ball 2-2: Ball 3-2: Base on Balls
|
Batting: RHB Paul Holland
|
0-0: Ball 1-0: Swinging Strike 1-1: Ball 2-1: Ball 3-1: Swinging Strike 3-2: Base on Balls Dan Strickland to second
|
Batting: RHB Eddie Dimas
|
0-0: Called Strike 0-1: Swinging Strike 0-2: Fly out, F2 (Popup, 2LF, EV 85.6 MPH)
|
Batting: RHB Donovan Deason
|
0-0: Ball 1-0: SINGLE (Flyball, 3D, EV 88.8 MPH) Dan Strickland to third Paul Holland to second
|
Pitching: RHP Ryan Perkins
|
|
Batting: RHB Klaus Brown
|
0-0: GRAND SLAM HOME RUN (Flyball, 7D, EV 103.8 MPH), Distance : 390 ft
|
Batting: RHB Camillo Bonauiti
|
0-0: Ball 1-0: Called Strike 1-1: Called Strike 1-2: Foul Ball, location: 2F 1-2: Foul Ball, location: 2F 1-2: Strikes out swinging
|
Batting: RHB Nhat Phong
|
0-0: Swinging Strike 0-1: Ball 1-1: Ball 2-1: Ball 3-1: Ground out 2-3 (Groundball, 13S, EV 67.5 MPH)
|
Top of the 7th over - 4 runs, 2 hits, 0 errors, 0 left on base; Windy City 4 - Canton 3 |
BOTTOM OF THE 7TH |
Canton Indians batting - Pitching for Windy City ThunderBolts : RHP Jesse Kuhlman
|
Pinch Hitting: RHB Jose Lebron
|
0-0: Ball 1-0: DOUBLE (Line Drive, 7LS, EV 102.5 MPH)
|
Pinch Hitting: SHB Brad Larabel
|
0-0: Called Strike 0-1: 2-RUN HOME RUN (Flyball, 89XD, EV 100.6 MPH), Distance : 422 ft
|
Pitching: RHP Ted Hurley
|
|
Batting: RHB Rob Marti
|
0-0: Foul Ball, location: 2F 0-1: Fly out, F9 (Line Drive, 9S, EV 92.5 MPH)
|
Pitching: LHP Jake Cowan
|
|
Batting: RHB Joe Bauer
|
0-0: Swinging Strike 0-1: Foul Ball, location: 2F 0-2: Ground out U3 (Groundball, 3, EV 86.2 MPH)
|
Pitching: RHP Jake Cox
|
|
Batting: RHB Oscar Hernandez
|
0-0: Swinging Strike 0-1: Foul Ball, location: 2F 0-2: Foul Ball, location: 2F 0-2: Ball 1-2: Ball 2-2: Strikes out looking
|
Bottom of the 7th over - 2 runs, 2 hits, 0 errors, 0 left on base; Windy City 4 - Canton 5 |
TOP OF THE 8TH |
Windy City ThunderBolts batting - Pitching for Canton Indians : RHP Ryan Perkins
|
Now at 1B: Jason Kessler
|
|
Now in LF: Jonathan Johnstad
|
|
Batting: RHB Sim Damit
|
0-0: Called Strike 0-1: Ball 1-1: Foul Ball, location: 2F 1-2: Ball 2-2: Fly out, F9 (Flyball, 89S, EV 96.9 MPH)
|
Batting: RHB Joe Thomas
|
0-0: Called Strike 0-1: Ball 1-1: Fly out, F8 (Flyball, 89D, EV 85.6 MPH)
|
Batting: SHB Dan Strickland
|
0-0: Foul Ball, location: 2F 0-1: Foul Ball, location: 2F 0-2: Foul Ball, location: 2F 0-2: Ball 1-2: Foul Ball, location: 2F 1-2: Foul Ball, location: 2F 1-2: Ball 2-2: Ball 3-2: Ground out 5-3 (Groundball, 56, EV 86.2 MPH)
|
Top of the 8th over - 0 runs, 0 hits, 0 errors, 0 left on base; Windy City 4 - Canton 5 |
BOTTOM OF THE 8TH |
Canton Indians batting - Pitching for Windy City ThunderBolts : RHP Jake Cox
|
Pitching: LHP Sincere Powell
|
|
Batting: LHB Mike Belile
|
0-0: Ground out 1-3 (Groundball, 15S, EV 71.2 MPH)
|
Pitching: LHP Dane Preston
|
|
Batting: RHB Giuliano Giacoletti Jr.
|
0-0: Swinging Strike 0-1: Foul Ball, location: 2F 0-2: Ball 1-2: Ball 2-2: Strikes out looking
|
Batting: RHB Jesus Sanchez
|
0-0: Swinging Strike 0-1: Fly out, F8 (Flyball, 8LM, EV 95.0 MPH)
|
Bottom of the 8th over - 0 runs, 0 hits, 0 errors, 0 left on base; Windy City 4 - Canton 5 |
TOP OF THE 9TH |
Windy City ThunderBolts batting - Pitching for Canton Indians : RHP Ryan Perkins
|
Pitching: RHP Abdul-Wadud Mazin
|
|
Batting: RHB Paul Holland
|
0-0: Ball 1-0: Ball 2-0: Fly out, F9 (Flyball, 9, EV 85.0 MPH)
|
Batting: RHB Eddie Dimas
|
0-0: SOLO HOME RUN (Flyball, 9D, EV 100.0 MPH), Distance : 393 ft
|
Batting: RHB Donovan Deason
|
0-0: SINGLE (Flyball, 6D, EV 88.8 MPH)
|
Batting: RHB Klaus Brown
|
0-0: Fly out, F9 (Line Drive, 9, EV 98.8 MPH)
|
Batting: RHB Camillo Bonauiti
|
0-0: Ball 1-0: Foul Ball, location: 2F 1-1: Ball 2-1: Called Strike 2-2: Strikes out swinging
|
Top of the 9th over - 1 run, 2 hits, 0 errors, 1 left on base; Windy City 5 - Canton 5 |
BOTTOM OF THE 9TH |
Canton Indians batting - Pitching for Windy City ThunderBolts : LHP Dane Preston
|
Batting: SHB Jose Abreu
|
0-0: Called Strike 0-1: Ball 1-1: Foul Ball, location: 2F 1-2: Strikes out swinging
|
Pinch Hitting: LHB Dorian Oram
|
0-0: Ball 1-0: Ball 2-0: Foul Ball, location: 2F 2-1: Foul Ball, location: 2F 2-2: Foul Ball, location: 2F 2-2: Ground out 1-3 (Groundball, 34S, EV 68.1 MPH)
|
Pinch Hitting: RHB Josh Carini
|
0-0: Called Strike 0-1: Swinging Strike 0-2: Fly out, F7 (Flyball, 7S, EV 84.4 MPH)
|
Bottom of the 9th over - 0 runs, 0 hits, 0 errors, 0 left on base; Windy City 5 - Canton 5 |
TOP OF THE 10TH |
Windy City ThunderBolts batting - Pitching for Canton Indians : RHP Abdul-Wadud Mazin
|
Now at 1B: Dorian Oram
|
|
Now in LF: Ryan Donohoe
|
|
Batting: RHB Nhat Phong
|
0-0: Ball 1-0: Ball 2-0: Called Strike 2-1: Ground out 6-3 (Groundball, 6, EV 90.6 MPH)
|
Batting: RHB Sim Damit
|
0-0: Ground out 6-3 (Groundball, 6, EV 80.6 MPH)
|
Batting: RHB Joe Thomas
|
0-0: Ball 1-0: Foul Ball, location: 2F 1-1: Foul Ball, location: 2F 1-2: Ball 2-2: Strikes out swinging
|
Top of the 10th over - 0 runs, 0 hits, 0 errors, 0 left on base; Windy City 5 - Canton 5 |
BOTTOM OF THE 10TH |
Canton Indians batting - Pitching for Windy City ThunderBolts : LHP Dane Preston
|
Batting: RHB Rob Marti
|
0-0: Ball 1-0: Foul Ball, location: 2F 1-1: Foul Ball, location: 2F 1-2: SINGLE (Groundball, 6MD, EV 98.1 MPH)
|
Batting: RHB Joe Bauer
|
0-0: Ball 1-0: Called Strike 1-1: Called Strike 1-2: Strikes out swinging
|
Pitching: RHP Tony Montez
|
|
Pinch Hitting: SHB Henri Chardon
|
0-0: Called Strike 0-1: Ball 1-1: Ball 2-1: Foul Ball, location: 2F 2-2: Foul Ball, location: 2F 2-2: Fly out, F6 (Line Drive, 56, EV 67.5 MPH)
|
Pinch Hitting: RHB Manuel de los Santos
|
0-0: Ball 1-0: Foul Ball, location: 2F 1-1: Swinging Strike 1-2: Strikes out swinging
|
Bottom of the 10th over - 0 runs, 1 hit, 0 errors, 1 left on base; Windy City 5 - Canton 5 |
TOP OF THE 11TH |
Windy City ThunderBolts batting - Pitching for Canton Indians : RHP Abdul-Wadud Mazin
|
Now at C: Dan Goetz
|
|
Now in RF: Tom Auld
|
|
Batting: SHB Dan Strickland
|
0-0: Foul Ball, location: 2F 0-1: SINGLE (Groundball, 25, EV 65.6 MPH) (infield hit)
|
Batting: RHB Paul Holland
|
0-0: Fly out, F8 (Flyball, 8LD, EV 93.1 MPH)
|
Batting: RHB Eddie Dimas
|
0-0: Ball 1-0: Called Strike 1-1: Ball 2-1: Foul Ball, location: 2F 2-2: Foul Ball, location: 2F 2-2: Strikes out swinging
|
Pitching: RHP Chase Ashley
|
|
Batting: RHB Donovan Deason
|
0-0: Called Strike 0-1: Ball 1-1: Swinging Strike 1-2: Foul Ball, location: 2F 1-2: Strikes out looking
|
Top of the 11th over - 0 runs, 1 hit, 0 errors, 1 left on base; Windy City 5 - Canton 5 |
BOTTOM OF THE 11TH |
Canton Indians batting - Pitching for Windy City ThunderBolts : RHP Tony Montez
|
Pinch Hitting: LHB Mike Humfleet
|
0-0: Called Strike 0-1: Called Strike 0-2: Ball 1-2: Ball 2-2: Strikes out looking
|
Pinch Hitting: RHB Aubrey Regimbald
|
0-0: Ball 1-0: Called Strike 1-1: Ground out 6-3 (Groundball, 6M, EV 107.5 MPH)
|
Batting: SHB Jose Abreu
|
0-0: Foul Ball, location: 2F 0-1: Foul Ball, location: 2F 0-2: Ball 1-2: Ball 2-2: DOUBLE (Line Drive, 89D, EV 99.4 MPH)
|
Batting: LHB Dorian Oram
|
0-0: Intentional Walk
|
Pitching: RHP Santos Gonzales
|
|
Batting: SHB Ryan Donohoe
|
0-0: Foul Ball, location: 2F 0-1: Called Strike 0-2: Strikes out swinging
|
Bottom of the 11th over - 0 runs, 1 hit, 0 errors, 2 left on base; Windy City 5 - Canton 5 |
TOP OF THE 12TH |
Windy City ThunderBolts batting - Pitching for Canton Indians : RHP Chase Ashley
|
Now at 2B: Aubrey Regimbald
|
|
Now at SS: Darren Allan
|
|
Batting: RHB Klaus Brown
|
0-0: Called Strike 0-1: Foul Ball, location: 2F 0-2: Ball 1-2: Strikes out swinging
|
Batting: RHB Camillo Bonauiti
|
0-0: SINGLE (Groundball, 34, EV 95.6 MPH)
|
Batting: RHB Nhat Phong
|
0-0: Ball 1-0: Fly out, F9 (Flyball, 9D, EV 90.6 MPH)
|
Batting: RHB Sim Damit
|
0-0: Called Strike 0-1: Ball 1-1: Swinging Strike 1-2: Ball 2-2: Strikes out swinging
|
Top of the 12th over - 0 runs, 1 hit, 0 errors, 1 left on base; Windy City 5 - Canton 5 |
BOTTOM OF THE 12TH |
Canton Indians batting - Pitching for Windy City ThunderBolts : RHP Santos Gonzales
|
Batting: RHB Rob Marti
|
0-0: Called Strike 0-1: Swinging Strike 0-2: Ball 1-2: Ball 2-2: Strikes out swinging
|
Batting: RHB Joe Bauer
|
0-0: Called Strike 0-1: Foul Ball, location: 2F 0-2: Ball 1-2: Foul Ball, location: 2F 1-2: Strikes out swinging
|
Pinch Hitting: RHB Willie Toral
|
0-0: Ball 1-0: Ground out 4-3 (Groundball, 4, EV 85.0 MPH)
|
Bottom of the 12th over - 0 runs, 0 hits, 0 errors, 0 left on base; Windy City 5 - Canton 5 |
TOP OF THE 13TH |
Windy City ThunderBolts batting - Pitching for Canton Indians : RHP Chase Ashley
|
Now in RF: Jahangir Baloch
|
|
Batting: RHB Joe Thomas
|
0-0: Called Strike 0-1: Swinging Strike 0-2: Ball 1-2: Ball 2-2: Ball 3-2: Strikes out swinging
|
Batting: SHB Dan Strickland
|
0-0: Ball 1-0: Called Strike 1-1: Foul Ball, location: 2F 1-2: Foul Ball, location: 2F 1-2: Ball 2-2: Ball 3-2: Fly out, F7 (Flyball, 7S, EV 90.0 MPH)
|
Batting: RHB Paul Holland
|
0-0: Fly out, F7 (Flyball, 7D, EV 101.2 MPH)
|
Top of the 13th over - 0 runs, 0 hits, 0 errors, 0 left on base; Windy City 5 - Canton 5 |
BOTTOM OF THE 13TH |
Canton Indians batting - Pitching for Windy City ThunderBolts : RHP Santos Gonzales
|
Pinch Hitting: LHB Chris Smithers
|
0-0: Foul Ball, location: 2F 0-1: Ball 1-1: Ball 2-1: Ball 3-1: Called Strike 3-2: Strikes out swinging
|
Batting: RHB Darren Allan
|
0-0: Fly out, F8 (Flyball, 8LD, EV 91.2 MPH)
|
Batting: RHB Aubrey Regimbald
|
0-0: Called Strike 0-1: Ball 1-1: Swinging Strike 1-2: Ground out 4-3 (Groundball, 34D, EV 101.2 MPH)
|
Bottom of the 13th over - 0 runs, 0 hits, 0 errors, 0 left on base; Windy City 5 - Canton 5 |
TOP OF THE 14TH |
Windy City ThunderBolts batting - Pitching for Canton Indians : RHP Chase Ashley
|
Now at C: Oscar Hernandez
|
|
Batting: RHB Eddie Dimas
|
0-0: Swinging Strike 0-1: Foul Ball, location: 2F 0-2: Ball 1-2: Foul Ball, location: 2F 1-2: Strikes out swinging
|
Batting: RHB Donovan Deason
|
0-0: Fly out, F8 (Flyball, 8RM, EV 91.2 MPH)
|
Batting: RHB Klaus Brown
|
0-0: Ball 1-0: Swinging Strike 1-1: Called Strike 1-2: Ball 2-2: Foul Ball, location: 2F 2-2: Strikes out swinging
|
Top of the 14th over - 0 runs, 0 hits, 0 errors, 0 left on base; Windy City 5 - Canton 5 |
BOTTOM OF THE 14TH |
Canton Indians batting - Pitching for Windy City ThunderBolts : RHP Santos Gonzales
|
Batting: SHB Jose Abreu
|
0-0: Foul Ball, location: 2F 0-1: Ball 1-1: Ball 2-1: Foul Ball, location: 2F 2-2: Strikes out looking
|
Batting: LHB Dorian Oram
|
0-0: Ball 1-0: Foul Ball, location: 2F 1-1: Foul Ball, location: 2LF, Error on foul ball, E2 1-2: Fly out, F4 (Line Drive, 4, EV 71.9 MPH)
|
Batting: SHB Ryan Donohoe
|
0-0: Ball 1-0: Foul Ball, location: 2F 1-1: Ball 2-1: Swinging Strike 2-2: Ball 3-2: Strikes out swinging
|
Bottom of the 14th over - 0 runs, 0 hits, 1 error, 0 left on base; Windy City 5 - Canton 5 |
TOP OF THE 15TH |
Windy City ThunderBolts batting - Pitching for Canton Indians : RHP Chase Ashley
|
Pitching: LHP Marco Atilano
|
|
Batting: RHB Camillo Bonauiti
|
0-0: Ball 1-0: Ball 2-0: Ball 3-0: Base on Balls
|
Batting: RHB Nhat Phong
|
0-0: Ball 1-0: Called Strike 1-1: Fly out, F7 (Flyball, 78M, EV 91.2 MPH)
|
Batting: RHB Sim Damit
|
0-0: Ball 1-0: Ball 2-0: Ball 3-0: Base on Balls Camillo Bonauiti to second
|
Batting: RHB Joe Thomas
|
0-0: Swinging Strike 0-1: Foul Ball, location: 2F 0-2: Fly out, F4 (Popup, 4S, EV 64.4 MPH)
|
Batting: SHB Dan Strickland
|
0-0: Ball 1-0: Ball 2-0: Foul Ball, location: 2F 2-1: Foul Ball, location: 2F 2-2: Fly out, F7 (Flyball, 7, EV 82.5 MPH)
|
Top of the 15th over - 0 runs, 0 hits, 0 errors, 2 left on base; Windy City 5 - Canton 5 |
BOTTOM OF THE 15TH |
Canton Indians batting - Pitching for Windy City ThunderBolts : RHP Santos Gonzales
|
Batting: RHB Rob Marti
|
0-0: Ball 1-0: Ball 2-0: Called Strike 2-1: SINGLE (Popup, 4MD, EV 56.2 MPH)
|
Pitching: RHP Jeremy Brown
|
|
Batting: RHB Joe Bauer
|
0-0: Fly out, F8 (Flyball, 78S, EV 86.2 MPH)
|
Batting: SHB Jahangir Baloch
|
0-0: Ball 1-0: Called Strike 1-1: DOUBLE (Line Drive, 78D, EV 106.2 MPH) Rob Marti to third
|
Pinch Hitting: LHB Mark Harris
|
0-0: Intentional Walk
|
Batting: RHB Darren Allan
|
0-0: Called Strike 0-1: Foul Ball, location: 2F 0-2: Foul Ball, location: 2F 0-2: Ball 1-2: Strikes out swinging
|
Batting: RHB Aubrey Regimbald
|
0-0: SINGLE (Line Drive, 4D, EV 95.0 MPH) Rob Marti scores
|
Bottom of the 15th over - 1 run, 3 hits, 0 errors, 2 left on base; Windy City 5 - Canton 6 |
|